 Dungeon Crawl Stone Soup version 0.30-a0-859-gf88a04b62d (webtiles) character file.

Game seed: 1515887909285662698

15976 cforsyth the Earth Mage (level 12, -2/72 HPs)
             Began as a Deep Elf Earth Elementalist on Mar 6, 2023.
             Was a Priest of Vehumet.
             Slain by an azure jelly (3 damage)
             ... in an ice cave.
             The game lasted 00:40:42 (15561 turns).

cforsyth the Earth Mage (DEEE)                     Turns: 15561, Time: 00:40:42

Health: -2/72      AC:  7    Str:  5    XL:     12   Next: 6%
Magic:  13/32      EV: 15    Int: 26    God:    Vehumet [***...]
Gold:   714        SH:  0    Dex: 13    Spells: 26/39 levels left

rFire   x . .      SeeInvis +    B - +7 dagger "Roaz" {drain, Stlth+}
rCold   + + .      Faith    .    (no shield)
rNeg    . . .      Spirit   .    C - +0 troll leather armour
rPois   .          Reflect  .    (no helmet)
rElec   .          Rampage  .    y - +1 cloak {Will+}
rCorr   +          Clarity  +    s - +0 pair of gloves
Will    ++...                    (no boots)
Stlth   ++++                     (no amulet)
HPRegen 1.12/turn                z - ring "Tecvigaq" {Fly rC+ rCorr Dex-2 SInv Stlth+}
MPRegen 0.23/turn                D - ring of ice

@: flying, studying Earth Magic
A: clarity
a: Renounce Religion


You were in an ice cave.
You worshipped Vehumet.
Vehumet was most pleased with you.
You visited 2 branches of the dungeon, and saw 12 of its levels.
You also visited: Ice Cave.

You collected 714 gold pieces.

Inventory:

Hand Weapons
 B - the +7 dagger "Roaz" (weapon) {drain, Stlth+}
   (You took it off an orc priest on level 9 of the Dungeon)

   Stlth:     It makes you more stealthy.
Armour
 a - a +0 robe
 k - a +0 cloak
 s - a +0 pair of gloves (worn)
 y - a +1 cloak of willpower (worn)
 C - a +0 troll leather armour (worn)
 E - a +2 robe of cold resistance
Jewellery
 g - the ring "Gionyro" {Ice rPois rN++ SInv Stlth-}
   (You found it in an ice cave)

   [ring of ice]

   It enhances your ice magic.
   rF:        It makes you vulnerable to fire.
   rC:        It protects you from cold.
   rPois:     It protects you from poison.
   rN:        It greatly protects you from negative energy.
   SInv:      It lets you see invisible.
   Stlth:     It makes you less stealthy.
 o - a ring of flight
 p - a +6 ring of strength
 r - a +6 ring of strength
 z - the ring "Tecvigaq" (left hand) {Fly rC+ rCorr Dex-2 SInv Stlth+}
   (You found it on level 11 of the Dungeon)

   [ring of flight]

   Dex:       It affects your dexterity (-2).
   rC:        It protects you from cold.
   SInv:      It lets you see invisible.
   Fly:       It grants you flight.
   rCorr:     It protects you from acid and corrosion.
   Stlth:     It makes you more stealthy.
 D - a ring of ice (right hand)
Wands
 j - a wand of paralysis (11)
 n - a wand of roots (8)
 u - a wand of flame (11)
 v - a wand of quicksilver (11)
 A - a wand of mindburst (6)
Scrolls
 d - 4 scrolls of magic mapping
 e - 3 scrolls of fog
 h - 2 scrolls of fear
 i - 3 scrolls of enchant armour
 m - 4 scrolls of vulnerability
 q - a scroll of enchant weapon
 x - a scroll of identify
Potions
 c - 4 potions of brilliance
 f - 4 potions of mutation
 l - 2 potions of degeneration
 t - 2 potions of lignification
 F - a potion of might {unknown}


   Skills:
 + Level 7.3 Fighting
 + Level 10.8 Dodging
 - Level 2.4 Stealth
 - Level 14.4 Spellcasting
 - Level 1.1 Transmutations
 - Level 15.4 Earth Magic


You had 26 spell levels left.
You knew the following spells:

 Your Spells              Type           Power      Damage    Failure   Level
a - Sandblast             Erth           100%       2d20      0%          1
b - Stone Arrow           Conj/Erth      100%       3d13      1%          3
c - Petrify               Tmut/Erth      58%        N/A       1%          4
d - Borgnjor's Vile Clut  Necr/Erth      28%        N/A       5%          5

Your spell library contained the following spells:

 Spells                   Type           Power      Damage    Failure   Level
 Ignite Poison            Fire/Tmut/Pois 20%        N/A       3%          3
 Kiss of Death            Conj/Necr      72%        2d10      1%          1
 Passwall                 Tmut/Erth      48%        N/A       1%          2
 Scorch                   Fire           36%        2d6       2%          2
 Slow                     Hex            72%        N/A       4%          1
 Flame Wave               Conj/Fire      18%        2d7       13%         4
 Confusing Touch          Hex            18%        N/A       14%         3
 Vampiric Draining        Necr           18%        2d7       14%         3
 Anguish                  Hex/Necr       9%         N/A       43%         4
 Dispel Undead            Necr           18%        3d11      43%         4
 Alistair's Intoxication  Tmut/Pois      14%        N/A       73%         5
 Eringya's Noxious Bog    Tmut/Pois      10%        N/A       80%         6
 Summon Cactus Giant      Summ           9%         N/A       100%        6


Dungeon Overview and Level Annotations

Branches:
Dungeon (11/15)            Temple (1/1) D:7            Lair (0/5) D:8
    Orc (0/2) D:9           IceCv (1/1)

Altars:
Ashenzari
Cheibriados
Dithmenos
Fedhas
Gozag
Hepliaklqana
Makhleb
Okawaru
Ru
Sif Muna
Trog
Vehumet
Xom
The Shining One

Shops:
D:2 (   D:3 ?   D:4 ((   D:9 *   D:11 ?

Annotations:
D:5 1 runed translucent door, Esekla's ghost, weakling OpDe
D:8 3 runed translucent doors, FexLirch's ghost, novice BaVM
D:10 exclusion: obsidian statue


Innate Abilities, Weirdness & Mutations

You possess an exceptional clarity of mind.


Message History

Casting: Stone Arrow (safe; 1% risk of failure)
Confirm with . or Enter, or press ? or * to list all spells.
Aiming: Petrify (dangerous; 1% risk of failure)
Press: ? - help, Shift-Dir - straight line, f/p - azure jelly
Aim: an azure jelly (lightly wounded, chance to affect: 24%)
The azure jelly resists with almost no effort.
Casting: Petrify (dangerous; 1% risk of failure)
Confirm with . or Enter, or press ? or * to list all spells.
Aiming: Petrify (dangerous; 1% risk of failure)
Press: ? - help, Shift-Dir - straight line, f/p - azure jelly
Aim: an azure jelly (lightly wounded, chance to affect: 24%)
The azure jelly resists with almost no effort.
Casting: Petrify (dangerous; 1% risk of failure)
Confirm with . or Enter, or press ? or * to list all spells.
You don't have enough magic to cast this spell.
Unknown command.
Magic courses through your body.
Unknown command.
Casting: Petrify (dangerous; 1% risk of failure)
Confirm with . or Enter, or press ? or * to list all spells.
Aiming: Petrify (dangerous; 1% risk of failure)
Press: ? - help, Shift-Dir - straight line, f/p - azure jelly
Aim: an azure jelly (lightly wounded, chance to affect: 24%)
The azure jelly resists with almost no effort.
Unknown command.
Casting: Petrify (dangerous; 1% risk of failure)
Confirm with . or Enter, or press ? or * to list all spells.
Aiming: Petrify (dangerous; 1% risk of failure)
Press: ? - help, Shift-Dir - straight line, f/p - azure jelly
Aim: an azure jelly (lightly wounded, chance to affect: 24%)
The azure jelly resists with almost no effort.
The azure jelly hits you! The azure jelly freezes you! You resist.
* * * LOW HITPOINT WARNING * * *
The azure jelly hits you.
* * * LOW HITPOINT WARNING * * *
The azure jelly freezes you! You resist.
* * * LOW HITPOINT WARNING * * *
The azure jelly closely misses you. The azure jelly misses you.
The azure jelly hits you.
You die...

###
#..#..##..##...##....#
#..##.##...#...##.....#
##..#..#.......#.......
#..#....#....##.......
#..##...#....#...#.#..
##..#...##..##........
#..##...##.##..#._.#.
##.J##..#####.. ....
#..@##..# ##......#
#......# #......#
##.....# ##...## #####


You could see an azure jelly.

Vanquished Creatures
  A quicksilver ooze (IceCv)
  Fannar (D:10)
  A centaur warrior (D:10)
  Pikel (D:5)
  A cyclops (D:11)
  3 ice statues (IceCv)
  Joseph (D:8)
  A gargoyle (D:11)
  A kobold demonologist (D:10)
  An unseen horror (D:10)
  A troll (D:9)
  Grinder (D:5)
  3 wraiths (D:10)
  A ynoxinul (D:9)
  8 yaks (D:10)
  Sigmund (D:4)
  A wyvern (D:7)
  24 slime creatures (IceCv)
  Edmund (D:5)
  A water moccasin (D:8)
  6 orc warriors
  A great orb of eyes simulacrum (IceCv)
  2 ogres
  3 black bears
  8 centaurs
  3 slime creature simulacra (IceCv)
  4 lemures (D:5)
  2 phantoms (D:6)
  4 kobold brigands
  A bullfrog (D:8)
  Blork the orc (D:4)
  2 glowing shapeshifter simulacra (IceCv)
  2 gnoll sergeants
  5 wights (D:7)
  3 scorpions
  10 killer bees (D:9)
  A howler monkey (D:10)
  A jelly (D:7)
  5 orc priests
  A gnoll bouda (D:5)
  4 hounds
  2 iguanas (D:6)
  7 orc wizards
  3 shapeshifter simulacra (IceCv)
  12 gnolls
  11 adders
  A shadow imp (D:7)
  15 white imps
  An ufetubus (D:5)
  2 dart slugs
  39 orcs
  3 ball pythons (D:2)
  2 bats
  2 endoplasms (D:2)
  2 giant cockroaches (D:2)
  21 goblins
  5 hobgoblins
  4 jackals (D:2)
  2 quokkas (D:5)
  4 frilled lizards
  17 kobolds
  2 rats
280 creatures vanquished.

Notes
Turn   | Place    | Note
-------+----------+-------------------------------------------
     0 | D:1      | cforsyth the Deep Elf Earth Elementalist began the quest
                  | for the Orb.
     0 | D:1      | Reached XP level 1. HP: 10/10 MP: 6/6
   867 | D:2      | Found a faded altar of an unknown god.
   973 | D:2      | Reached XP level 2. HP: 15/15 MP: 6/8
  1101 | D:2      | Found Pozydghu's Antique Weapon Shop.
  1141 | D:2      | Reached skill level 4 in Earth Magic
  1144 | D:2      | Reached XP level 3. HP: 15/19 MP: 4/10
  2047 | D:3      | Reached XP level 4. HP: 7/24 MP: 7/12
  2189 | D:3      | Found Poqeuf's Magic Scroll Shop.
  2306 | D:3      | Found a shadowy altar of Dithmenos.
  2407 | D:3      | Noticed a centaur
  2411 | D:3      | Killed a centaur
  2412 | D:3      | Reached skill level 5 in Spellcasting
  2412 | D:3      | Reached skill level 5 in Earth Magic
  2412 | D:3      | Reached XP level 5. HP: 8/28 MP: 10/15
  2895 | D:4      | Found Otibug's Weapon Shop.
  2900 | D:4      | Found Ingemami's Antique Weapon Shop.
  3039 | D:4      | Noticed Sigmund
  3044 | D:4      | Killed Sigmund
  3045 | D:4      | Reached skill level 6 in Earth Magic
  3045 | D:4      | Reached XP level 6. HP: 32/32 MP: 13/17
  3094 | D:4      | Noticed Blork the orc
  3098 | D:4      | Killed Blork the orc
  3534 | D:4      | Found a sacrificial altar of Ru.
  3540 | D:4      | Gained mutation: You possess an exceptional clarity of
                  | mind. [potion of mutation]
  3559 | D:4      | Reached XP level 7. HP: 11/36 MP: 15/19
  3685 | D:4      | Found a broken altar of Ashenzari.
  3705 | D:4      | Found a blossoming altar of Fedhas.
  3720 | D:4      | Found a glowing golden altar of the Shining One.
  3836 | D:5      | Entered Level 5 of the Dungeon
  3836 | D:5      | Noticed Grinder
  4064 | D:6      | Reached skill level 7 in Earth Magic
  4347 | D:6      | Reached XP level 8. HP: 20/41 MP: 19/23
  4444 | D:6      | Reached skill level 8 in Earth Magic
  5020 | D:6      | Reached skill level 9 in Earth Magic
  5087 | D:6      | Reached skill level 10 in Spellcasting
  5208 | D:6      | Found a snail-covered altar of Cheibriados.
  5454 | D:5      | Reached skill level 10 in Earth Magic
  5562 | D:5      | Noticed Pikel
  5599 | D:5      | Paralysed by Pikel for 2 turns
  5617 | D:5      | Noticed Edmund
  5746 | D:5      | Killed Edmund
  6026 | D:5      | Killed Grinder
  6027 | D:5      | Reached skill level 11 in Earth Magic
  6143 | D:5      | Learned a level 3 spell: Stone Arrow
  6172 | D:5      | HP: 2/41 [Pikel/+0 whip of freezing (1)]
  6176 | D:5      | Killed Pikel
  6177 | D:5      | Reached XP level 9. HP: 3/45 MP: 0/26
  6381 | D:5      | Reached skill level 12 in Earth Magic
  6452 | D:5      | Found a runed translucent door.
  6453 | D:5      | Noticed Esekla's ghost (weakling OpDe)
  7158 | D:7      | Found a staircase to the Ecumenical Temple.
  7176 | Temple   | Entered the Ecumenical Temple
  7233 | Temple   | Became a worshipper of Vehumet
  7287 | D:7      | Reached skill level 13 in Earth Magic
  8412 | D:8      | Reached skill level 14 in Earth Magic
  8541 | D:8      | Found a runed translucent gate.
  8541 | D:8      | Found a runed translucent gate.
  8541 | D:8      | Found a runed translucent gate.
  8541 | D:8      | Noticed FexLirch's ghost (novice BaVM)
  8684 | D:8      | Noticed Joseph
  8689 | D:8      | Killed Joseph
  8689 | D:8      | Reached * piety under Vehumet
  8689 | D:8      | Offered knowledge of Freeze by Vehumet.
  8690 | D:8      | Reached XP level 10. HP: 20/50 MP: 14/29
  9029 | D:8      | Found a staircase to the Lair.
  9274 | D:9      | Identified the +7 dagger "Roaz" {drain, Stlth+}
  9774 | D:10     | Entered Level 10 of the Dungeon
  9956 | D:9      | Reached skill level 15 in Earth Magic
 10103 | D:9      | Found a shimmering blue altar of Sif Muna.
 10241 | D:9      | Got Sif Muna's Quarto of Necromantic Words
 10257 | D:9      | Found a bloodstained altar of Trog.
 10303 | D:9      | Found a staircase to the Orcish Mines.
 10347 | D:9      | Offered knowledge of Shock by Vehumet.
 10413 | D:9      | Reached ** piety under Vehumet
 10418 | D:9      | HP: 1/51 [killer bee (3)]
 10424 | D:9      | Reached skill level 1 in Fighting
 10632 | D:9      | Found Ehoa's Elemental Accessories.
 11442 | D:10     | Learned a level 4 spell: Petrify
 11448 | D:10     | Learned a level 5 spell: Borgnjor's Vile Clutch
 11478 | D:10     | Noticed a centaur warrior
 11481 | D:10     | Killed a centaur warrior
 11482 | D:10     | Reached skill level 5 in Dodging
 11630 | D:10     | Noticed an obsidian statue
 11765 | D:10     | Offered knowledge of Momentum Strike by Vehumet.
 11766 | D:10     | Reached XP level 11. HP: 60/60 MP: 7/31
 11956 | D:10     | Noticed Fannar
 11962 | D:10     | Killed Fannar
 12361 | D:10     | HP: 4/93 [something (6)]
 12598 | D:11     | Identified the ring "Tecvigaq" {Fly rC+ rCorr Dex-2 SInv
                  | Stlth+}
 12762 | D:11     | Found a frozen archway.
 12777 | D:11     | Reached *** piety under Vehumet
 12780 | D:11     | Reached skill level 5 in Fighting
 12784 | D:11     | Found Heyrph's Magic Scroll Emporium.
 12891 | IceCv    | Entered an ice cave
 14032 | IceCv    | Got the ring "Gionyro" {Ice rPois rN++ SInv Stlth-}
 14181 | IceCv    | Offered knowledge of Ignite Poison by Vehumet.
 14641 | IceCv    | Reached skill level 10 in Dodging
 15278 | IceCv    | Noticed a quicksilver ooze
 15309 | IceCv    | Killed a quicksilver ooze
 15310 | IceCv    | Reached XP level 12. HP: 72/72 MP: 26/32
 15447 | IceCv    | Noticed an azure jelly
 15449 | IceCv    | Found a viscous altar of Jiyva.
 15449 | IceCv    | Noticed an azure jelly
 15561 | IceCv    | HP: 1/72 [azure jelly (14)]
 15561 | IceCv    | Slain by an azure jelly

Illustrated notes

Levels and vault maps discovered:
D:1:      reono_arrival_mine, layout_basic
D:2:      layout_basic, hellmonk_ecumenical_altar_pennies_from_heaven,
          serial_shops, nicolae_shop_statue_plus, minmay_tromino_v4_a
D:3:      minmay_general_purpose_star, layout_loops_ring,
          mainiacjoe_overflow_tiny_flanked, serial_shops,
          nicolae_shop_waterfront
D:4:      layout_loops_ring, grunt_temple_overflow_cloverleaf,
          small_statue_intersection, corexii_checkpoint_b,
          nicolae_wooded_promenade, minmay_ogre_servants, uniq_blork_the_orc,
          uniq_sigmund
D:5:      layout_rooms, hellmonk_ghost_happy_afterlife, grunt_tough_drop,
          uniq_grinder, uniq_edmund, uniq_pikel
D:6:      layout_gridville, chei_slow_surprise, minmay_manual_mares
D:7:      layout_rooms, minmay_temple_entry_purple_smoke, minmay_liquid_box,
          minivault_19, dk_noncrumbling_3
D:8:      layout_loops_corners, lair_entry_dummy, ebering_ghost_rock_garden,
          uniq_joseph
D:9:      layout_rooms, nzn_overflow_gifts_of_might_and_magic, erik_orc_4,
          grunt_ministairs_3, hangedman_abyss_or_decor_stagger,
          nicolae_elemental_shop, minmay_strange_pillars, hex_tiny
D:10:     statuecave_lemuel, layout_loops_cross, minmay_increasing_density,
          uniq_fannar
D:11:     layout_cave_pods, portal_ice_cave_entry_imps, serial_shops,
          nicolae_shop_statue_plus
Temple:   jpeg_temple_clearing
IceCv:    ice_cave_hellmonk_azure_passage

Skill      XL: |  1  2  3  4  5  6  7  8  9 10 11 |
---------------+----------------------------------+-----
Earth Magic    | 4 5 6 7 11 14 15 | 15.4
Spellcasting   | 4 5 6 7 9 11 13 14 | 14.4
Fighting       | 3 7 |  7.3
Dodging        | 6 10 | 10.8
Stealth        | |  2.4
Transmutations | |  1.1

Action                     |  1- 3 |  4- 6 |  7- 9 | 10-12 || total
---------------------------+-------+-------+-------+-------++-------
  Melee: Unarmed           |       |       |     1 |       ||     1
         Dagger            |       |       |       |     2 ||     2
   Cast: Sandblast         |    39 |    42 |   158 |   135 ||   374
         Stone Arrow       |       |       |    26 |   147 ||   173
         Borgnjor's Vile C |       |       |       |    28 ||    28
         Petrify           |       |       |       |    10 ||    10
  Evoke: Wand              |       |       |       |     1 ||     1
    Use: Potion            |       |     5 |       |     7 ||    12
         Scroll            |       |       |    13 |     4 ||    17
 Armour: Robe              |     2 |     5 |    12 |     7 ||    26
         Troll leather arm |       |       |       |    31 ||    31
         Skin              |       |       |       |    10 ||    10
  Dodge: Dodged            |     6 |    18 |    50 |   112 ||   186

Table legend: (Time is in decaauts)
 A = Elapsed time spent in this place.
 B = Non-inter-level travel time spent in this place.
 C = Inter-level travel time spent in this place.
 D = Time resting spent in this place.
 E = Time spent auto-exploring this place.
 F = Levels seen in this place.
 G = Mean time per level.
                   A        B        C        D        E       F      G
               +--------+--------+--------+--------+--------+-----+--------+
         Total |  15769 |  15153 |    616 |   4174 |   8224 |  13 | 1213.0 |
       Dungeon |  13000 |  12405 |    595 |   2366 |   7916 |  11 | 1181.8 |
        Temple |     78 |     57 |     21 |      0 |     37 |   1 |   78.0 |
      Ice Cave |   2690 |   2690 |      0 |   1808 |    271 |   1 | 2690.0 |
               +--------+--------+--------+--------+--------+-----+--------+

Top non-repeatable levels by time:
   IceCv: 2690 daAuts
    D:10: 1668 daAuts
     D:5: 1607 daAuts
     D:9: 1557 daAuts
     D:8: 1467 daAuts
     D:6: 1347 daAuts
     D:2: 1158 daAuts
     D:4: 1117 daAuts
     D:3: 990 daAuts
     D:7: 920 daAuts
     D:1: 868 daAuts
    D:11: 297 daAuts
  Temple: 78 daAuts
